 Dungeon Crawl Stone Soup version 0.28.0-62-gf88900778d (webtiles) character file.

Game seed: 4411865201403267170

6058 NotaViper the Protected (level 10, -14/91 HPs)
             Began as a Minotaur Fighter on Feb 21, 2023.
             Was an Initiate of Yredelemnul.
             Demolished by an ettin
             ... wielding a +0 dire flail
              (18 damage)
             ... on level 1 of the Orcish Mines on Feb 24, 2023.
             The game lasted 00:55:33 (8794 turns).

NotaViper the Protected (Minotaur Fighter)          Turns: 8794, Time: 00:55:34

Health: -14/91     AC: 25    Str: 18    XL:     10   Next: 57%
Magic:  0/9        EV:  7    Int: 10    God:    Yredelemnul [......]
Gold:   481        SH:  0    Dex: 12    Spells: 9/9 levels left

rFire   + . .      SeeInvis +   R - +9 falchion "Lubieppiha" {vorpal, Str-5 Int+5 SInv Stlth+}
rCold   . . .      Faith    .   s - orb {*Rage}
rNeg    . . .      Spirit   +   b - +1 plate armour
rPois   .          Reflect  .   (helmet restricted)
rElec   .          Harm     .   o - +1 cloak
rCorr   .          Rampage  .   (no gloves)
Will    .....      Rage     20% h - +2 pair of boots
Stlth   ..........              i - amulet of guardian spirit
HPRegen 0.25/turn               g - ring of protection from fire
MPRegen 0.11/turn               y - +4 ring of protection

@: marked
A: horns 2, retaliatory headbutt
a: Renounce Religion, Recall Undead Harvest


You were on level 1 of the Orcish Mines.
You worshipped Yredelemnul.
Yredelemnul was noncommittal.
You visited 2 branches of the dungeon, and saw 10 of its levels.

You collected 481 gold pieces.

Inventory:

Hand Weapons
 a - a +0 war axe
 j - a +3 dire flail
 m - a +2 long sword of freezing
 A - a +4 scimitar
 F - a +0 falchion
 I - a +0 battleaxe
 K - a +3 spear
 M - a +0 shortbow
 R - the +9 falchion "Lubieppiha" (weapon) {vorpal, Str-5 Int+5 SInv Stlth+}
   (You found it on level 6 of the Dungeon)

   It inflicts extra damage upon your enemies.
   Str:       It affects your strength (-5).
   Int:       It affects your intelligence (+5).
   SInv:      It lets you see invisible.
   Stlth:     It makes you more stealthy.
 Z - a +0 war axe
Missiles
 k - 152 arrows
 z - 98 bolts
 G - 13 poisoned darts (quivered)
 T - 5 curare-tipped darts
Armour
 b - a +1 plate armour (worn)
 c - a +0 buckler
 e - a +0 chain mail
 h - a +2 pair of boots (worn)
 o - a +1 cloak (worn)
 s - an orb of wrath (worn)
 S - an orb of mayhem
Magical Staves
 l - a staff of air
Jewellery
 g - a ring of protection from fire (left hand)
 i - an amulet of guardian spirit (around neck)
 y - a +4 ring of protection (right hand)
 C - a ring of resist corrosion
 E - a ring of ice
 P - a ring of flight
 Q - a ring of wizardry
 W - an amulet of faith
Wands
 r - a wand of digging (8)
 N - a wand of paralysis (6)
 Y - a wand of mindburst (21)
Scrolls
 d - 2 scrolls of fog
 n - a scroll of amnesia
 p - 2 scrolls of holy word
 q - a scroll of torment
 t - a scroll of magic mapping
 w - a scroll of identify
 x - 2 scrolls of fear
 B - 2 scrolls of enchant weapon
 H - 3 scrolls of immolation
 J - a scroll of teleportation
Potions
 f - a potion of mutation
 u - a potion of might
 v - 2 potions of brilliance
 O - 2 potions of flight
 U - a potion of invisibility
Miscellaneous
 L - a condenser vane


   Skills:
 + Level 9.0 Fighting
 + Level 9.0 Long Blades
 + Level 8.6 Axes
 + Level 10.6 Armour
 + Level 3.4 Dodging
 + Level 2.9 Stealth
 + Level 5.5 Shields
 + Level 0.2 Invocations


You had 9 spell levels left.
You didn't know any spells.
Your spell library contained the following spells:

 Spells                   Type           Power      Damage    Failure   Level
 Blink                    Tloc           0%         N/A       100%        2
 Scorch                   Fire           0%         2d5       100%        2
 Call Canine Familiar     Summ           0%         N/A       100%        3
 Portal Projectile        Hex/Tloc       0%         N/A       100%        3
 Cause Fear               Hex            0%         N/A       100%        4
 Flame Wave               Conj/Fire      0%         2d4       100%        4
 Leda's Liquefaction      Hex/Erth       0%         N/A       100%        4
 Manifold Assault         Tloc           0%         N/A       100%        5
 Summon Cactus Giant      Summ           0%         N/A       100%        6
 Dragon Form              Tmut           0%         N/A       100%        7
 Malign Gateway           Summ/Tloc      0%         N/A       100%        7
 Storm Form               Tmut/Air       0%         N/A       100%        7
 Summon Horrible Things   Summ           0%         N/A       100%        8
 Dragon's Call            Summ           0%         N/A       100%        9


Dungeon Overview and Level Annotations

Branches:
Dungeon (9/15)             Temple (0/1) D:4             Orc (1/2) D:9
   Lair: D:8-11

Altars:
Dithmenos
Gozag
Hepliaklqana
Makhleb
Nemelex Xobeh
Ru
Sif Muna
Vehumet
Yredelemnul
The Shining One

Shops:
D:1 (


Innate Abilities, Weirdness & Mutations

You have a pair of horns on your head.
You reflexively headbutt those who attack you in melee.


Message History

The orc sorcerer hits you but does no damage.
You hit the orc sorcerer.
You headbutt the orc sorcerer, but do no damage.
The orc sorcerer is almost dead.
The orc sorcerer closely misses you.
An ettin comes into view. It is wielding two +0 dire flails.
You hit the orc sorcerer.
You kill the orc sorcerer!
Your Fighting skill increases to level 9!
Your Long Blades skill increases to level 9!
Things that are here:
a +0 dagger; a +1 robe of cold resistance You see here 16 gold pieces.
You now have 481 gold pieces (gained 16).
Things that are here:
a +0 dagger; a +1 robe of cold resistance The ettin barely misses you. x2
You slash the ettin!
The ettin is lightly wounded.
The ettin hits you with a +0 dire flail.
The ettin hits you with a +0 dire flail!!
You hit the ettin. You headbutt the ettin.
The ettin is moderately wounded.
The ettin hits you with a +0 dire flail!
The ettin closely misses you.
You hit the ettin but do no damage.
The ettin is moderately wounded.
The ettin hits you with a +0 dire flail!! x2
* * * LOW HITPOINT WARNING * * *
Blink to where?
Press: ? - help, Dir - move target A troll comes into view.
As you read the scroll of blinking, it crumbles to dust.
An orc warrior comes into view. It is wielding a +0 battleaxe.
An orc comes into view. It is wielding a +2 trident of venom.
The troll moves out of view.
The ettin hits you but does no damage.
The ettin hits you with a +0 dire flail!!
You die...
Your body rises from the dead as a mindless zombie.

... ###.... o...
#.#... ##
....##..... .##
#....#.... ...#
.........# ....#
###......# #....#
..o$.....#####.....#
##@C.#.#......#
#....ยง)....#
#..........#
##.......###
###.....# ##....#
#...## ##.## ###


You could see an ettin, an orc warrior and an orc.

Vanquished Creatures
  2 two-headed ogres
  An orc sorcerer (Orc:1)
  An efreet (D:8)
  2 trolls (D:8)
  2 water moccasins (D:7)
  3 sky beasts
  A hornet zombie (D:8)
  2 black bears
  5 orc warriors
  2 ogres (D:6)
  3 centaurs
  A phantom (D:4)
  4 bullfrogs
  A wyvern zombie (D:4)
  3 scorpions
  7 killer bees
  8 wights
  2 centaur zombies
  A jelly (D:8)
  An orc priest (D:5)
  Ijyb (D:5)
  An iguana (D:7)
  6 orc wizards
  A scorpion zombie (D:5)
  An ogre zombie (D:6)
  6 gnolls
  7 adders
  3 shadow imps
  An ufetubus (D:6)
  A worm (D:2)
  A dart slug (D:4)
  27 orcs
  5 bats
  6 endoplasms
  4 giant cockroaches
  7 hobgoblins
  3 quokkas
  8 ball pythons
  4 frilled lizards
  7 goblins
  6 kobolds
  2 rats
160 creatures vanquished.

Vanquished Creatures (collateral kills)
  An ogre (D:4)
  3 killer bees
  A wight (D:8)
  A bullfrog skeleton (D:5)
  A centaur skeleton (D:4)
  2 orc wizards (D:6)
  A white imp (D:7)
  7 orcs
  A goblin (D:3)
  A hobgoblin (D:4)
  A bat (D:3)
20 creatures vanquished.

Vanquished Creatures (others)
  A two-headed ogre zombie (D:8)
  A troll zombie (D:8)
  A centaur zombie (D:5)
  2 bullfrog zombies
  A black bear zombie (D:7)
  A scorpion zombie (D:7)
  4 killer bee zombies
  A sky beast zombie (D:7)
  A spectral jelly (D:8)
  4 adder zombies
  A spectral white imp (D:7)
  2 spectral shadow imps
  2 orcs (D:7)
  2 bat zombies (D:3)
  2 ball python zombies (D:4)
  3 goblin zombies
  A kobold zombie (D:4)
  17 orc zombies
  2 spectral endoplasms (D:4)
49 creatures vanquished.

Grand Total: 229 creatures vanquished

Notes
Turn   | Place    | Note
-------+----------+-------------------------------------------
     0 | D:1      | NotaViper the Minotaur Fighter began the quest for the Orb.
     0 | D:1      | Reached XP level 1. HP: 19/19 MP: 0/0
   640 | D:1      | Found Gesil's Antique Weapon Boutique.
   703 | D:1      | Reached skill level 4 in Armour
   703 | D:1      | Reached XP level 2. HP: 27/27 MP: 1/1
  1094 | D:2      | Reached XP level 3. HP: 33/33 MP: 2/2
  1382 | D:2      | Reached XP level 4. HP: 40/40 MP: 3/3
  1577 | D:3      | Found a basalt altar of Yredelemnul.
  1623 | D:3      | Noticed a black bear
  1635 | D:3      | Killed a black bear
  1636 | D:3      | Reached skill level 5 in Axes
  1636 | D:3      | Reached XP level 5. HP: 46/47 MP: 4/4
  1663 | D:3      | Became a worshipper of Yredelemnul the Dark
  1699 | D:3      | Reached * piety under Yredelemnul
  2161 | D:4      | Found a staircase to the Ecumenical Temple.
  2164 | D:4      | Noticed an ogre
  2188 | D:4      | Reached XP level 6. HP: 55/55 MP: 5/5
  2191 | D:4      | Reached skill level 5 in Armour
  2208 | D:4      | Reached skill level 5 in Fighting
  2279 | D:4      | Reached ** piety under Yredelemnul
  2382 | D:4      | Found a glowing golden altar of the Shining One.
  2601 | D:4      | Reached XP level 7. HP: 61/61 MP: 6/6
  2847 | D:4      | Found an opulent altar of Gozag.
  3174 | D:5      | Entered Level 5 of the Dungeon
  3174 | D:5      | Noticed Ijyb
  3177 | D:5      | Paralysed by Ijyb for 6 turns
  3192 | D:5      | Killed Ijyb
  3193 | D:5      | Reached skill level 6 in Armour
  3194 | D:5      | Reached skill level 1 in Dodging
  3520 | D:5      | Your ally Ijyb died
  3965 | D:5      | Reached XP level 8. HP: 69/70 MP: 7/7
  4176 | D:6      | Identified the +9 falchion "Lubieppiha" {vorpal, Str-5
                  | Int+5 SInv Stlth+}
  4363 | D:6      | Reached skill level 7 in Armour
  4762 | D:6      | Reached skill level 1 in Long Blades
  4769 | D:6      | Reached skill level 1 in Stealth
  5779 | D:7      | Found a hazy altar of Hepliaklqana.
  5801 | D:7      | Reached skill level 8 in Armour
  6295 | D:7      | Found a radiant altar of Vehumet.
  6305 | D:7      | Reached skill level 5 in Shields
  6305 | D:7      | Reached XP level 9. HP: 75/79 MP: 8/8
  6316 | D:7      | Reached *** piety under Yredelemnul
  6924 | D:8      | Noticed a two-headed ogre
  6937 | D:8      | Killed a two-headed ogre
  6938 | D:8      | Reached skill level 5 in Long Blades
  6938 | D:8      | Reached skill level 9 in Armour
  6985 | D:8      | Noticed a troll
  7050 | D:8      | Killed a troll
  7331 | D:8      | Found a sparkling altar of Nemelex Xobeh.
  7331 | D:8      | Found a transporter.
  7331 | D:8      | Noticed an efreet
  7332 | D:8      | Noticed a troll
  7363 | D:8      | Killed a troll
  7366 | D:8      | Killed an efreet
  7367 | D:8      | Reached XP level 10. HP: 63/88 MP: 9/9
  7616 | D:8      | Found a shadowy altar of Dithmenos.
  8036 | D:9      | Reached skill level 10 in Armour
  8141 | D:9      | Noticed a two-headed ogre
  8146 | D:9      | Killed a two-headed ogre
  8391 | D:9      | Found a shimmering blue altar of Sif Muna.
  8439 | D:9      | Found a staircase to the Orcish Mines.
  8680 | D:9      | Found a sacrificial altar of Ru.
  8711 | D:9      | Found a burning altar of Makhleb.
  8711 | D:9      | Noticed a blizzard demon
  8715 | D:9      | Noticed an orange demon
  8715 | D:9      | Noticed a smoke demon
  8775 | Orc:1    | Entered Level 1 of the Orcish Mines
  8777 | Orc:1    | Noticed an orc sorcerer
  8783 | Orc:1    | Noticed an ettin
  8784 | Orc:1    | Killed an orc sorcerer
  8792 | Orc:1    | HP: 3/91 [ettin/+0 dire flail (30)]
  8794 | Orc:1    | Demolished by an ettin

Illustrated notes

Levels and vault maps discovered:
D:1:      onia_arrival_pyramid, layout_loops_ring, serial_shops,
          nicolae_lakefront_shop
D:2:      layout_rooms, minmay_misc_feat_five
D:3:      layout_rooms, overflow_temple_1_default
D:4:      layout_loops_ring, tso_metal_star, nicolae_overflow_hidden_temple,
          minmay_temple_entry_crystal_x, minmay_starry_boxes
D:5:      layout_rooms, uniq_ijyb
D:6:      layout_loops_ring, minmay_statues_item, kennysheep_big_empty_room
D:7:      layout_layer_cave, fiery_altar_vehumet, nzn_hepliaklqana_mist_gate,
          corexii_hall_statues_i
D:8:      layout_rooms, nicolae_dithmenos_the_darkroom, grunt_nemelex_the_gamble
D:9:      layout_roguey, nicolae_ru_the_path_less_chosen,
          mainiacjoe_overflow_alcove_4, makhleb_altar_promises_db, david_orc_2
Orc:1:    layout_diamond_mine

Skill      XL: |  1  2  3  4  5  6  7  8  9 10 |
---------------+-------------------------------+-----
Armour         | 4 5 6 8 9 10 | 10.6
Fighting       | 4 5 7 8 9 |  9.0
Shields        | 4 5 |  5.5
Axes           | 3 5 6 7 8 |  8.6
Dodging        | 2 3 |  3.4
Long Blades    | 2 7 9 |  9.0
Stealth        | 1 2 |  2.9
Invocations    | |  0.2

Action                   |  1- 3 |  4- 6 |  7- 9 | 10-12 || total
-------------------------+-------+-------+-------+-------++-------
Melee: War axe           |    70 |    78 |    70 |       ||   218
       Headbutt          |    15 |    12 |    27 |    14 ||    68
       Falchion          |       |       |   137 |    84 ||   221
Invok: Recall Undead Har |       |       |     1 |       ||     1
  Use: Scroll            |       |     2 |    15 |     7 ||    24
       Potion            |       |       |     8 |       ||     8
 Stab: Distracted        |       |     1 |     2 |       ||     3
Armor: Chain mail        |    42 |    71 |   119 |       ||   232
       Plate armour      |       |       |    66 |    78 ||   144
       Skin              |       |       |    17 |       ||    17
Dodge: Dodged            |    37 |    36 |   112 |    37 ||   222
Block: Buckler           |    16 |     6 |    33 |       ||    55
